 Dungeon Crawl Stone Soup version 0.29-a0-231-g945431f764 (webtiles) character file.

Game seed: 11696387395410548056

121 Baz the Magician (level 5, 0/38 HPs)
             Began as a Djinni Fire Elementalist on Mar 1, 2022.
             Was a Follower of the Shining One.
             Slain by Crazy Yiuf
             ... wielding a +3 quarterstaff of chaos
              (12 damage)
             ... on level 2 of the Dungeon.
             The game lasted 00:05:18 (2987 turns).

Baz the Magician (Djinni Fire Elementalist)         Turns: 2987, Time: 00:05:19

Health: 0/38       AC:  2    Str:  7    XL:     5   Next: 26%
Gold:   121        EV: 13    Int: 19    God:    the Shining One [*.....] SH:  0 Dex: 13

rFire   + + .      SeeInvis .   (no weapon)
rCold   x . .      Faith    .   (no shield)
rNeg    . . .      Spirit   .   a - +0 robe
rPois   ∞          Reflect  .   (no helmet)
rElec   .          Harm     .   (no cloak)
rCorr   .          Rampage  .   (no gloves)
Will    .....                   (boots unavailable)
Stlth   +.........              (no amulet)
HPRegen 0.12/turn               (no ring)
MPRegen 0.00/turn               (no ring)

@: flying, glowing
A: sickness immunity, fire resistance 2, cold vulnerability 1, float, innate
caster, HP casting, extra vitality 1
a: Renounce Religion, Divine Shield


You were on level 2 of the Dungeon.
You worshipped the Shining One.
The Shining One was aware of your devotion.
You visited 1 branch of the dungeon, and saw 2 of its levels.

You collected 121 gold pieces.

Inventory:

Armour
 a - a +0 robe (worn)
Jewellery
 i - a ring of ice
Scrolls
 b - 2 scrolls of identify {unknown}
 c - a scroll of immolation {unknown}
 h - a scroll of teleportation {unknown}
Potions
 d - a potion of lignification {unknown}
 e - a potion of attraction {unknown}
 f - a potion of curing {unknown}
 g - a potion of flight {unknown}


   Skills:
 + Level 1.9 Fighting
 + Level 3.3 Dodging
 - Level 1.5 Stealth
 * Level 3.5 Spellcasting


You couldn't memorise any spells.
You knew the following spells:

 Your Spells              Type           Power      Damage    Failure   Level
a - Foxfire               Conj/Fire      64%        2x1d7     3%          1
b - Scorch                Fire           32%        2d7       5%          2
c - Conjure Flame         Conj/Fire      16%        6-21      11%         3
d - Inner Flame           Hex/Fire       16%        N/A       11%         3
e - Flame Wave            Conj/Fire      16%        2d6       34%         4
f - Slow                  Hex            64%        N/A       3%          1
g - Wereblood             Tmut           16%        N/A       5%          2
Your spell library was empty.

Dungeon Overview and Level Annotations

Branches:
Dungeon (2/15)

Altars:
The Shining One

Annotations:
D:2 Crazy Yiuf


Innate Abilities, Weirdness & Mutations

You are immune to sickness and miasma.
You are immune to poison.
Your flesh is very heat resistant. (rF++)
You are vulnerable to cold. (rC-)
You float through the air rather than walking.
You learn spells naturally, not from books.
Your magical power is your life essence.
You have superior vitality. (+4 MHP)


Message History

Flames lash something.
The Shining One accepts your kill.
Reactivating autopickup.
The white imp disappears in a puff of smoke!
You feel a bit more experienced.
* * * LOW HITPOINT WARNING * * *
Unknown command.
You start resting.
HP restored.
There is a shaft here.
There is a shaft here.
There is an open door here.
There is an open door here.
There is an open door here.
Crazy Yiuf shouts!
Could not explore, unopened runed door.
Crazy Yiuf cries, "You leg down broken song, no?"
Could not explore, unopened runed door.
Casting: Scorch (safe; 5% risk of failure)
Confirm with . or Enter, or press ? or * to list all spells.
You can't see any susceptible monsters within range! (Use Z to cast anyway.) Unknown command.
Press: ? - help, v - describe, . - travel
Here: Crazy Yiuf, wielding a +3 quarterstaff of chaos and wearing a +1 cloak of willpower (fire blocked by a runed translucent door)
The floor.
Unknown command.
You reach down and open the door.
Casting: Scorch (safe; 5% risk of failure)
Confirm with . or Enter, or press ? or * to list all spells.
Flames lash Crazy Yiuf.
Crazy Yiuf is heavily wounded.
Crazy Yiuf's fire resistance burns away.
Crazy Yiuf hits you with a +3 quarterstaff of chaos.
You are electrocuted!!
Casting: Scorch (safe; 5% risk of failure)
Confirm with . or Enter, or press ? or * to list all spells.
Flames lash Crazy Yiuf.
Crazy Yiuf is burned terribly!
Crazy Yiuf is severely wounded.
Crazy Yiuf hits you with a +3 quarterstaff of chaos!
You die...

...##..........#
.#.##......#####
.#..#......#
.##.#......#
#####
...........#
#..)#
####.......#
#...#
...........# ...
###........# #g#
#<#........#
♣♣@♣
#.#.#......#
♣.♣♣
#.#.#>##'###
♣♣.♣ #.#.####.#
♣.♣♣ #.#.# #.#
♣♣.♣♣ #.#.# #.#
♣.P.♣♣ #.#.# #.#
♣P.P.♣ #.#.# #.#
#....# #...#
#.#####....#


You could see Crazy Yiuf (combustible).

Vanquished Creatures
  Jessica (D:2)
  Natasha (D:2)
  3 adders (D:2)
  A worm (D:2)
  3 dart slugs
  An endoplasm (D:1)
  2 giant cockroaches (D:1)
  4 goblins
  4 hobgoblins
  5 jackals (D:1)
  6 ball pythons
  4 bats (D:1)
  A frilled lizard (D:2)
  3 kobolds
  5 rats
44 creatures vanquished.

Vanquished Creatures (others)
  143 foxfires
  5 toadstools (D:1)
148 creatures vanquished.

Grand Total: 192 creatures vanquished

Notes
Turn   | Place    | Note
-------+----------+-------------------------------------------
     0 | D:1      | Baz the Djinni Fire Elementalist began the quest for the
                  | Orb.
     0 | D:1      | Reached XP level 1. HP: 15/15 MP: 0/0
   403 | D:1      | Reached XP level 2. HP: 13/22 MP: 0/0
  1045 | D:1      | Reached XP level 3. HP: 24/26 MP: 0/0
  1045 | D:1      | Learned a level 1 spell: Slow
  1046 | D:1      | Reached skill level 1 in Fighting
  1521 | D:2      | Reached XP level 4. HP: 30/32 MP: 0/0
  1583 | D:2      | Found a runed translucent door.
  1584 | D:2      | Noticed Crazy Yiuf
  1858 | D:2      | Noticed Jessica
  1864 | D:2      | Killed Jessica
  2238 | D:2      | Reached XP level 5. HP: 35/38 MP: 0/0
  2238 | D:2      | Learned a level 2 spell: Wereblood
  2298 | D:2      | Found a faded altar of an unknown god.
  2307 | D:2      | Prayed at the altar of an unknown god.
  2307 | D:2      | Became a worshipper of the Shining One
  2307 | D:2      | Reached * piety under the Shining One
  2522 | D:2      | Noticed Natasha
  2536 | D:2      | Killed Natasha
  2987 | D:2      | Slain by Crazy Yiuf

Illustrated notes

Levels and vault maps discovered:
D:1:      ldierk_walled_garden, layout_loops_cross
D:2:      layout_basic, chequers_ecumenical_altar_simple_redux,
          kennysheep_small_spiral, minmay_pentomino_pile, uniq_natasha,
          uniq_jessica, uniq_crazy_yiuf_cottage

Skill      XL: |  1  2  3  4 |
---------------+-------------+-----
Fighting       | 1 |  1.9
Spellcasting   | 3 |  3.5
Dodging        | 3 |  3.3
Stealth        | |  1.5

Action                   |  1- 3 |  4- 6 || total
-------------------------+-------+-------++-------
 Cast: Foxfire           |    54 |    36 ||    90
       Scorch            |       |     5 ||     5
Armor: Robe              |     4 |     2 ||     6
Dodge: Dodged            |    16 |    16 ||    32

Table legend: (Time is in decaauts)
 A = Elapsed time spent in this place.
 B = Non-inter-level travel time spent in this place.
 C = Inter-level travel time spent in this place.
 D = Time resting spent in this place.
 E = Time spent auto-exploring this place.
 F = Levels seen in this place.
 G = Mean time per level.
                   A        B        C        D        E       F      G
               +--------+--------+--------+--------+--------+-----+--------+
         Total |   2991 |   2968 |     23 |    531 |   2101 |   2 | 1495.5 |
       Dungeon |   2991 |   2968 |     23 |    531 |   2101 |   2 | 1495.5 |
               +--------+--------+--------+--------+--------+-----+--------+

Top non-repeatable levels by time:
     D:2: 1592 daAuts
     D:1: 1399 daAuts
